 Dungeon Sprint DCSS version bcrawl-1.31 (webtiles) character file.

Game seed: 9736999517022167063

1470906 Groucho the Protected (level 11, -1/111 HPs)
             Began as a Minotaur Fighter on Apr 9, 2021.
             Was an Initiate of Gozag.
             Slain by a phantasmal warrior (26 damage)
             ... summoned by a will-o'-wisp
             ... in the Dungeon (Sprint VII: "The Pits").
             The game lasted 00:09:12 (1417 turns).

Groucho the Protected (Minotaur Fighter)            Turns: 1417, Time: 00:09:12

Health: -1/111     AC: 18    Str: 22    XL:     11   Next: 2%
Magic:  10/10      EV:  6    Int:  5    God:    Gozag
Gold:   1506       SH: 13    Dex: 12    Spells: 10/10 levels left

rFire    . . .     SeeInvis .   w - +2 war axe (chop)
rCold    . . .     Gourm    .   c - +0 medium shield
rNeg     . . .     Faith    .   u - +4 chain mail
rPois    .         Spirit   .   (helmet restricted)
rElec    .         Reflect  .   (no cloak)
rCorr    .         Harm     .   (no gloves)
MR       .....     NoTele   +   a - +0 pair of boots
Stlth    ..........             (no amulet)
HPRegen  0.28/turn              (no ring)
MPRegen  0.12/turn              (no ring)

@: vulnerable, gold aura
A: retaliatory headbutt, horns 2
a: Potion Petition, Call Merchant, Bribe Branch, Renounce Religion


You were in the Dungeon.
You worshipped Gozag.
Gozag was most pleased with you.
You were not hungry.

You visited 1 branch You collected 1506 gold pieces.

Inventory:

Hand Weapons
 w - a +2 war axe of chopping (weapon)
 x - a +2 morningstar of protection
Missiles
 s - 10 stones (quivered)
Armour
 a - a +0 pair of boots (worn)
 c - a +0 medium shield (worn)
 u - a +4 chain mail (worn)
Jewellery
 m - a +3 ring of dexterity
 v - a +3 ring of dexterity
Scrolls
 k - a scroll of blinking
 o - 2 scrolls of vulnerability
 p - 3 scrolls of remove curse
 q - 5 scrolls of amnesia
 r - a scroll of summoning
Potions
 b - a potion of agility
 d - 3 potions of might
 f - 5 potions of curing
 i - 4 potions of magic
 j - 3 potions of berserk rage
 l - a potion of mutation
 n - a potion of invisibility
Comestibles
 e - 6 rations {!d}


   Skills:
 + Level 14.3 Fighting
 + Level 14.1 Axes
 + Level 14.4 Armour
 + Level 14.3 Shields
 + Level 12.8 Unarmed Combat


You had 10 spell levels left.
You didn't know any spells.
Your spell library was empty.

Dungeon Overview and Level Annotations

Branches:
Dungeon (1/1)

Altars:
Ashenzari
Cheibriados
Dithmenos
Elyvilon
Fedhas
Gozag
Hepliaklqana
Kikubaaqudgha
Lugonu
Makhleb
Nemelex Xobeh
Okawaru
Qazlal
Ru
Sif Muna
Trog
Uskayaw
Vehumet
Wu Jian
Xom
Yredelemnul
Zin
The Shining One
Beogh
Jiyva


Innate Abilities, Weirdness & Mutations

You reflexively headbutt those who attack you in melee.
You have a pair of horns on your head.


Message History

The will-o'-wisp gives a chilling moan.
You headbutt the phantasmal warrior.
The phantasmal warrior is heavily damaged.
You miss the will-o'-wisp.
You hear a chilling moan.
The will-o'-wisp forms a magic circle of ghostly light.
You feel haunted. You block the will-o'-wisp's attack.
You block the phantasmal warrior's attack.
An orc comes into view. It is wielding a +0 flail.
You hear a screech!
No path to travel!
No path to travel!
You miss the will-o'-wisp.
The will-o'-wisp is heavily damaged.
You hit the phantom but do no damage.
Ssssck.
You barely miss the phantasmal warrior.
You hear a chilling moan.
You block the will-o'-wisp's attack. The phantasmal warrior hits you!!
You die...
Your body crumbles into a pile of gold. ..##))#..##...##..+ ..##.)#..#.....#..# .#. ####.))).'.....z..+ .Go

####..#).#.....#..# ..#
.[##..#..##...##..+...#
[.##..##..##'##..##...##
))##...##.'.).'.##Ws...#
.)##....###[.)###Wvv#
))##......#..vWW@vW#
####################


You could see a phantasmal warrior, a freezing wraith, an eye of draining, a
phantom, 2 wraiths, a tarantella, 4 will-o'-wisps and an orc.

Vanquished Creatures
  An anaconda (D)
  An orc high priest (D)
  5 skeletal warriors (D)
  Pikel (D)
  A black mamba (D)
  An orange demon (D)
  A smoke demon (D)
  2 freezing wraiths (D)
  A hornet (D)
  Prince Ribbit (D)
  A hippogriff (D)
  A wraith (D)
  A hungry ghost (D)
  2 soldier ants (D)
  A warg (D)
  A water moccasin (D)
  A crocodile (D)
  3 orc warriors (D)
  A slave (D)
  A phantom (D)
  3 ogres (D)
  A bullfrog (D)
  2 wights (D)
  A crimson imp (D)
  A jelly (D)
  2 hounds (D)
  An iron imp (D)
  An iguana (D)
  2 orc wizards (D)
  A gnoll (D)
  A river rat (D)
  A white imp (D)
  3 orcs (D)
  A bat skeleton (D)
  2 goblins (D)
  2 jackals (D)
  A ball python (D)
  A jackal skeleton (D)
  A rat (D)
56 creatures vanquished.

Vanquished Creatures (others)
  2 slaves (D)
2 creatures vanquished.

Grand Total: 58 creatures vanquished

Notes
Turn   | Place    | Note
-------+----------+-------------------------------------------
     0 | D        | Groucho the Minotaur Fighter began the quest for the Orb.
     0 | D        | Reached XP level 1. HP: 19/19 MP: 0/0
    56 | D        | Found a bloodstained altar of Trog.
    56 | D        | Found a shimmering blue altar of Sif Muna.
    56 | D        | Found a viscous altar of Jiyva.
    56 | D        | Found a hazy altar of Hepliaklqana.
    56 | D        | Found an opulent altar of Gozag.
    57 | D        | Found a glowing golden altar of the Shining One.
    57 | D        | Found a glowing silver altar of Zin.
    57 | D        | Found a basalt altar of Yredelemnul.
    57 | D        | Found a shimmering altar of Xom.
    57 | D        | Found an ornate altar of the Wu Jian Council.
    57 | D        | Found a sacrificial altar of Ru.
    57 | D        | Found a stormy altar of Qazlal.
    57 | D        | Found an iron altar of Okawaru.
    57 | D        | Found a sparkling altar of Nemelex Xobeh.
    57 | D        | Found a burning altar of Makhleb.
    57 | D        | Found a blossoming altar of Fedhas.
    57 | D        | Found a white marble altar of Elyvilon.
    57 | D        | Found a shadowy altar of Dithmenos.
    57 | D        | Found a snail-covered altar of Cheibriados.
    58 | D        | Found a radiant altar of Vehumet.
    58 | D        | Found a corrupted altar of Lugonu.
    58 | D        | Found a roughly hewn altar of Beogh.
    59 | D        | Found a hide-covered altar of Uskayaw.
    59 | D        | Found an ancient bone altar of Kikubaaqudgha.
    59 | D        | Found a shattered altar of Ashenzari.
    65 | D        | Became a worshipper of Gozag Ym Sagoz the Greedy
    87 | D        | Reached skill level 1 in Unarmed Combat
    87 | D        | Reached XP level 2. HP: 13/28 MP: 1/1
   184 | D        | Noticed Pikel
   184 | D        | Noticed a slave
   184 | D        | Noticed a slave
   184 | D        | Noticed a slave
   184 | D        | Noticed a slave
   204 | D        | Killed a slave
   214 | D        | Killed Pikel
   215 | D        | Reached XP level 3. HP: 39/41 MP: 2/2
   215 | D        | Reached XP level 4. HP: 46/49 MP: 3/3
   215 | D        | Reached XP level 5. HP: 53/56 MP: 4/4
   215 | D        | Reached XP level 6. HP: 59/62 MP: 5/5
   296 | D        | Noticed a water moccasin
   308 | D        | Killed a water moccasin
   309 | D        | Reached XP level 7. HP: 68/70 MP: 6/6
   417 | D        | Reached skill level 10 in Fighting
   417 | D        | Reached skill level 10 in Armour
   417 | D        | Reached skill level 10 in Shields
   420 | D        | Noticed a hippogriff
   431 | D        | Reached XP level 8. HP: 45/79 MP: 7/7
   439 | D        | Killed a hippogriff
   440 | D        | Reached skill level 10 in Axes
   675 | D        | Noticed an orc high priest
   680 | D        | Noticed an orange demon
   682 | D        | Noticed an orange demon
   683 | D        | Noticed a freezing wraith
   687 | D        | Reached XP level 9. HP: 54/89 MP: 8/8
   696 | D        | Killed a freezing wraith
   697 | D        | Reached skill level 10 in Unarmed Combat
   701 | D        | Noticed a hellwing
   701 | D        | Noticed a smoke demon
   717 | D        | Killed an orc high priest
   721 | D        | Killed an orange demon
   896 | D        | Noticed a smoke demon
   916 | D        | Killed a smoke demon
   958 | D        | Noticed a freezing wraith
   976 | D        | Killed a freezing wraith
   977 | D        | Reached XP level 10. HP: 44/100 MP: 9/9
   984 | D        | Noticed a black mamba
   986 | D        | Noticed Prince Ribbit
   995 | D        | Killed a black mamba
  1017 | D        | Killed Prince Ribbit
  1316 | D        | Noticed an anaconda
  1323 | D        | Noticed a skeletal warrior
  1331 | D        | Killed an anaconda
  1335 | D        | Noticed a skeletal warrior
  1336 | D        | Noticed a skeletal warrior
  1342 | D        | Killed a skeletal warrior
  1345 | D        | Noticed a skeletal warrior
  1362 | D        | Killed a skeletal warrior
  1368 | D        | Killed a skeletal warrior
  1375 | D        | Noticed a skeletal warrior
  1381 | D        | Killed a skeletal warrior
  1395 | D        | Killed a skeletal warrior
  1396 | D        | Reached XP level 11. HP: 37/111 MP: 10/10
  1407 | D        | Noticed a phantasmal warrior
  1408 | D        | HP: 5/111 [wraith[a will-o'-wisp] (4)]
  1417 | D        | Slain by a phantasmal warrior

Skill      XL: |  1  2  3  4  5  6  7  8  9 10 |
---------------+-------------------------------+-----
Fighting       | 4 8 9 10 11 12 14 | 14.3
Armour         | 4 8 9 10 11 12 14 | 14.4
Shields        | 4 8 9 10 11 12 14 | 14.3
Axes           | 3 8 9 11 12 14 | 14.1
Unarmed Combat | 1 6 7 8 9 11 12 | 12.8

Action                   |  1- 3 |  4- 6 |  7- 9 | 10-12 || total
-------------------------+-------+-------+-------+-------++-------
Melee: Hand axe          |    36 |     9 |    76 |       ||   121
       War axe           |     3 |       |    77 |   101 ||   181
       Headbutt          |     7 |     2 |    36 |    28 ||    73
  Use: Potion            |     2 |       |     7 |     9 ||    18
 Stab: Invisible         |       |     1 |     4 |       ||     5
       Petrifying        |       |       |     3 |       ||     3
       Distracted        |       |       |     1 |       ||     1
       Petrified         |       |       |     1 |       ||     1
  Eat: Ration            |       |       |     2 |     1 ||     3
       Chunk             |       |       |       |     3 ||     3
Armor: Scale mail        |     5 |     1 |       |       ||     6
       Chain mail        |       |     3 |    84 |    42 ||   129
Dodge: Dodged            |    10 |     1 |    31 |     9 ||    51
Block: Medium shield     |    12 |     3 |   117 |    41 ||   173
